 Dungeon Crawl Stone Soup version 0.29.1-15-g9cfb28693d (webtiles) character file.

Game seed: 9759806239574085103

14478 safid the Gelid (level 12, 0/92 HPs)
             Began as a Merfolk Ice Elementalist on Mar 13, 2023.
             Was a Priest of Vehumet.
             Slain by a skeletal warrior
             ... wielding a +0 war axe
              (20 damage)
             ... on level 11 of the Dungeon.
             The game lasted 00:41:51 (12889 turns).

safid the Gelid (Merfolk Ice Elementalist)         Turns: 12889, Time: 00:41:51

Health: 0/92       AC: 16    Str: 10    XL:     12   Next: 16%
Magic:  3/24       EV: 12    Int: 23    God:    Vehumet [***...]
Gold:   799        SH:  0    Dex: 15    Spells: 7/27 levels left

rFire   + . .      SeeInvis +   h - +2 falchion "Qyfodem" {holy, rElec Str+2 Int+4}
rCold   + . .      Faith    .   (no shield)
rNeg    . . .      Spirit   .   p - +1 robe of the Sun {rC+ Stlth+}
rPois   .          Reflect  .   f - +0 helmet
rElec   +          Harm     .   C - +0 cloak
rCorr   .          Rampage  .   w - +0 pair of gloves
Will    .....      Rnd*Tele +   v - +0 pair of boots
Stlth   +++.......              u - amulet of regeneration
HPRegen 1.05/turn               B - ring of protection from fire
MPRegen 0.19/turn               n - ring of see invisible

@: ice-armoured, freezing walls, slightly contaminated
A: (nimble swimmer 2), mertail, deformed body, teleportitis 1
a: Renounce Religion


You were on level 11 of the Dungeon.
You worshipped Vehumet.
Vehumet was most pleased with you.
You visited 3 branches of the dungeon, and saw 13 of its levels.
You also visited: Ossuary.

You collected 799 gold pieces.

Inventory:

Hand Weapons
 h - the +2 falchion "Qyfodem" (weapon) {holy, rElec Str+2 Int+4}
   (You found it on level 6 of the Dungeon)

   It has been blessed by the Shining One to cause great damage to the undead
   and demons.
   Str:       It affects your strength (+2).
   Int:       It affects your intelligence (+4).
   rElec:     It insulates you from electricity.
 G - the +5 broad axe of an ossuary {protect, +Blink Will+ Int+4}
   (You found it on level 11 of the Dungeon)

   It grants its wielder temporary protection when it strikes (+7 to AC).
   Int:       It affects your intelligence (+4).
   +Blink:    It lets you blink.
   Will:      It increases your willpower.
Missiles
 c - 2 curare-tipped darts
Armour
 f - a +0 helmet (worn)
 p - the +1 robe of the Sun (worn) {rC+ Stlth+}
   (You found it on level 4 of the Dungeon)

   rC:        It protects you from cold.
   Stlth:     It makes you more stealthy.
 v - a +0 pair of boots (worn)
 w - a +0 pair of gloves (worn)
 C - a +0 cloak (worn)
Jewellery
 n - a ring of see invisible (right hand)
 u - an amulet of regeneration (around neck)
 B - a ring of protection from fire (left hand)
Wands
 d - a wand of acid (6)
 o - a wand of charming (13)
 q - a wand of iceblast (11)
 y - a wand of flame (17)
 E - a wand of digging (13)
Scrolls
 e - 2 scrolls of fear
 g - 2 scrolls of enchant weapon
 i - 2 scrolls of blinking
 j - 4 scrolls of identify
 l - 3 scrolls of fog
 m - 3 scrolls of enchant armour
 r - a scroll of brand weapon
 s - a scroll of teleportation
 t - a scroll of amnesia
Potions
 a - a potion of might
 b - 2 potions of magic
 k - 2 potions of berserk rage
 x - 3 potions of lignification
 z - 3 potions of curing
 A - a potion of invisibility
 D - a potion of cancellation
 F - 3 potions of mutation


   Skills:
 - Level 8.0 Fighting
 - Level 2.6 Dodging
 - Level 2.1 Stealth
 - Level 8.0 Spellcasting
 - Level 4.0 Conjurations
 - Level 8.0 Transmutations
 + Level 15.5 Ice Magic


You had 7 spell levels left.
You knew the following spells:

 Your Spells              Type           Power      Damage    Failure   Level
a - Freeze                Ice            100%       1d11      0%          1
b - Frozen Ramparts       Ice            100%       1d16      1%          3
c - Ozocubu's Armour      Ice            69%        N/A       1%          3
d - Hailstorm             Conj/Ice       52%        3d12      1%          4
e - Ice Form              Ice/Tmut       59%        N/A       1%          4
f - Irradiate             Conj/Tmut      18%        3d17      4%          5

Your spell library contained the following spells:

 Spells                   Type           Power      Damage    Failure   Level
 Conjure Flame            Conj/Fire      18%        6-21      2%          3
 Static Discharge         Conj/Air       18%        3-6/arc   1%          2
 Summon Ice Beast         Ice/Summ       44%        N/A       2%          4
 Necrotise                Necr           36%        1d5       7%          1
 Summon Small Mammal      Summ           36%        N/A       7%          1
 Sublimation of Blood     Necr           9%         N/A       11%         2
 Petrify                  Tmut/Erth      27%        N/A       13%         4
 Call Canine Familiar     Summ           9%         N/A       21%         3
 Summon Guardian Golem    Hex/Summ       9%         N/A       21%         3
 Vampiric Draining        Necr           9%         2d6       21%         3
 Lightning Bolt           Conj/Air       9%         1d21      21%         5
 Eringya's Noxious Bog    Tmut/Pois      13%        N/A       45%         6
 Agony                    Necr           9%         N/A       88%         5
 Summon Forest            Summ/Tloc      4%         N/A       88%         5
 Summon Hydra             Summ           4%         N/A       100%        7
 Maxwell's Capacitive Co  Air            4%         ∞         100%        8


Dungeon Overview and Level Annotations

Branches:
Dungeon (11/15)            Temple (1/1) D:6            Lair (0/5) D:11
    Orc (1/2) D:10        Ossuary (visited)

Altars:
Ashenzari
Cheibriados
Dithmenos
Elyvilon
Fedhas
Gozag
Hepliaklqana
Kikubaaqudgha
Makhleb
Nemelex Xobeh
Okawaru
Qazlal
Ru
Sif Muna
Trog
Uskayaw
Vehumet
Wu Jian
Xom
Yredelemnul
Zin
The Shining One

Shops:
D:6 (   D:10 (


Innate Abilities, Weirdness & Mutations

((You are very nimble when in or above water. (Stealth+, EV+, Speed+++)))
Your lower body shifts to a powerful aquatic tail in water.
Armour fits poorly on your strangely shaped body.
You are occasionally teleported next to monsters.


Message History

The skeletal warrior resists.
The wall freezes the skeletal warrior.
The skeletal warrior closely misses you.
Unknown command.
Casting: Frozen Ramparts (safe; 1% risk of failure)
Confirm with . or Enter, or press ? or * to list all spells.
You erupt in a fountain of uncontrolled magic!
The skeletal warrior is blasted with magical radiation!!
The skeletal warrior is almost destroyed.
You are lightly contaminated with residual magic.
The wall freezes the skeletal warrior but does no damage.
The skeletal warrior hits you with a +0 war axe!
The wall freezes the skeletal warrior but does no damage.
The skeletal warrior hits you with a +0 war axe!
You completely miss the skeletal warrior.
The skeletal warrior is almost destroyed.
The skeletal warrior completely resists.
The wall freezes the skeletal warrior but does no damage.
The skeletal warrior barely misses you.
You closely miss the skeletal warrior.
The skeletal warrior is almost destroyed.
The skeletal warrior resists.
The wall freezes the skeletal warrior.
The skeletal warrior closely misses you.
You completely miss the skeletal warrior.
The skeletal warrior is almost destroyed.
The skeletal warrior resists.
The wall freezes the skeletal warrior.
The skeletal warrior hits you with a +0 war axe!!
You barely miss the skeletal warrior.
The skeletal warrior is almost destroyed.
The wall freezes the skeletal warrior but does no damage.
The skeletal warrior hits you with a +0 war axe.
The skeletal warrior completely resists.
The wall freezes the skeletal warrior but does no damage.
The skeletal warrior hits you with a +0 war axe!
* * * LOW HITPOINT WARNING * * *
Unknown command.
You hit the skeletal warrior but do no damage.
The skeletal warrior is almost destroyed.
The skeletal warrior resists.
The wall freezes the skeletal warrior.
The skeletal warrior hits you with a +0 war axe!!
You die...

######## ##......## ##........#
#.......... ######## #..........
###### #......# #..........
.....###.####.#########..........
.....##...# #...@z....#......Y...
.....##.#.###########...........#
.....###...## ####........#
.....##.....## #..Y.Y.K...
.....#.......# #....lY.Y..
....>#.......## #.....9....
....).........# #..........
)...).........## #..........
#...))...>.....# ####.........


You could see a skeletal warrior.

Vanquished Creatures
  3 two-headed ogres (D:10)
  3 skeletal warriors (D:11)
  A manticore (D:11)
  2 gargoyles (D:11)
  4 unseen horror zombies (D:9)
  Maggie (D:6)
  3 trolls
  A hornet (D:10)
  A vampire (D:10)
  7 yaks
  A wyvern (D:8)
  4 vampire mosquitoes (D:11)
  3 steam dragons
  3 wargs (D:11)
  A water moccasin (D:7)
  An acid dragon (D:10)
  2 sky beasts
  2 black bears (D:6)
  3 orc warriors
  4 ice beasts
  A wolf (Orc:1)
  3 centaurs
  3 kobold brigands
  2 elf zombies (Ossuary)
  3 bullfrogs
  4 scorpions (D:5)
  A necrophage (D:8)
  2 gnoll sergeants
  16 wights
  11 killer bees
  2 electric eels (D:6)
  5 hounds
  5 centaur zombies
  4 jellies
  7 orc priests
  2 gnoll boudas
  3 iguanas
  Terence (D:2)
  Natasha (thrice) (D:2)
  12 orc wizards
  A killer bee zombie (D:9)
  A hound zombie (Ossuary)
  3 mummies (Ossuary)
  3 howler monkey zombies (D:9)
  12 gnolls
  6 adders
  2 shadow imps (D:5)
  2 ufetubi
  2 adder zombies (Ossuary)
  3 worms
  A dart slug (D:1)
  36 orcs
  4 endoplasms
  A giant cockroach (D:1)
  4 goblins
  8 hobgoblins
  2 jackals (D:5)
  12 kobolds
  3 quokkas
  4 ball pythons
  3 bats (D:1)
  8 frilled lizards
  4 gnoll zombies (Ossuary)
  4 goblin zombies (Ossuary)
  4 hobgoblin zombies (Ossuary)
  5 jackal zombies (Ossuary)
  4 kobold zombies (Ossuary)
  4 quokka zombies (Ossuary)
  7 rats
  5 rat zombies (Ossuary)
298 creatures vanquished.

Vanquished Creatures (others)
  An unseen horror (D:10)
  2 yaks (D:10)
  An orc warrior (D:10)
  2 centaurs (D:10)
  11 plants (D:6)
  2 withered plants (D:9)
19 creatures vanquished.

Grand Total: 317 creatures vanquished

Notes
Turn   | Place    | Note
-------+----------+-------------------------------------------
     0 | D:1      | safid the Merfolk Ice Elementalist began the quest for the
                  | Orb.
     0 | D:1      | Reached XP level 1. HP: 13/13 MP: 3/3
   204 | D:1      | Reached XP level 2. HP: 16/19 MP: 1/5
   652 | D:1      | Reached XP level 3. HP: 17/24 MP: 3/6
   928 | D:2      | Reached skill level 5 in Ice Magic
  1127 | D:2      | Learned a level 3 spell: Frozen Ramparts
  1487 | D:2      | Noticed Natasha
  1488 | D:2      | Found a faded altar of an unknown god.
  1498 | D:2      | Killed Natasha
  1499 | D:2      | Reached XP level 4. HP: 22/30 MP: 3/8
  1503 | D:2      | Learned a level 3 spell: Ozocubu's Armour
  2015 | D:2      | Noticed Terence
  2028 | D:2      | Noticed Natasha
  2041 | D:2      | Killed Natasha
  2045 | D:2      | Killed Terence
  2046 | D:2      | Reached XP level 5. HP: 26/35 MP: 0/10
  2242 | D:2      | Noticed Natasha
  2247 | D:2      | Killed Natasha
  2248 | D:2      | Reached skill level 6 in Ice Magic
  3356 | D:4      | Identified the +1 robe of the Sun {rC+ Stlth+}
  3570 | D:4      | Noticed a kobold brigand
  3607 | D:4      | Killed a kobold brigand
  3608 | D:4      | Reached skill level 1 in Fighting
  3608 | D:4      | Reached XP level 6. HP: 15/43 MP: 10/12
  3901 | D:4      | Noticed an ice beast
  3932 | D:4      | Killed an ice beast
  4236 | D:4      | Found a glowing silver altar of Zin.
  4349 | D:5      | Entered Level 5 of the Dungeon
  4406 | D:5      | Reached XP level 7. HP: 48/51 MP: 14/14
  4564 | D:5      | Reached skill level 7 in Ice Magic
  4646 | D:5      | Found a sand-covered staircase.
  4654 | Ossuary  | Entered an ossuary
  4746 | Ossuary  | Reached skill level 5 in Spellcasting
  5233 | Ossuary  | Reached XP level 8. HP: 54/60 MP: 16/16
  5517 | D:5      | Reached skill level 8 in Ice Magic
  5752 | D:5      | Reached skill level 5 in Fighting
  6421 | D:6      | Found Rajauhu's Weapon Shop.
  6443 | D:6      | Found a staircase to the Ecumenical Temple.
  6506 | Temple   | Entered the Ecumenical Temple
  6738 | D:6      | Identified the +2 falchion "Qyfodem" {holy, rElec Str+2
                  | Int+4}
  6802 | D:6      | Reached XP level 9. HP: 54/60 MP: 18/18
  6863 | D:6      | Noticed Maggie
  6895 | D:6      | Killed Maggie
  6896 | D:6      | Reached skill level 9 in Ice Magic
  7543 | D:7      | Found a radiant altar of Vehumet.
  7556 | D:7      | Became a worshipper of Vehumet
  7636 | D:7      | Noticed a troll
  7645 | D:7      | Killed a troll
  7957 | D:7      | Reached skill level 10 in Ice Magic
  8324 | D:8      | Reached XP level 10. HP: 80/80 MP: 21/21
  8389 | D:8      | Learned a level 4 spell: Hailstorm
  8415 | D:8      | Learned a level 4 spell: Ice Form
  8415 | D:8      | Found a blossoming altar of Fedhas.
  8605 | D:8      | Reached skill level 1 in Transmutations
  8786 | D:8      | Reached skill level 1 in Conjurations
  9047 | D:8      | Reached skill level 11 in Ice Magic
  9213 | D:9      | Reached * piety under Vehumet
  9213 | D:9      | Offered knowledge of Shock by Vehumet.
  9548 | D:9      | Reached skill level 5 in Transmutations
  9596 | D:9      | Learned a level 5 spell: Irradiate
  9898 | D:9      | Found a snail-covered altar of Cheibriados.
 10212 | D:10     | Entered Level 10 of the Dungeon
 10221 | D:10     | Found a staircase to the Orcish Mines.
 10229 | D:10     | Reached XP level 11. HP: 78/84 MP: 18/23
 10473 | D:10     | Noticed a two-headed ogre
 10488 | D:10     | Killed a two-headed ogre
 10489 | D:10     | Reached skill level 12 in Ice Magic
 10489 | D:10     | Offered knowledge of Foxfire by Vehumet.
 10495 | D:10     | Reached ** piety under Vehumet
 10644 | D:10     | Found a shimmering blue altar of Sif Muna.
 10682 | D:10     | Found a shimmering altar of Xom.
 10698 | D:10     | Noticed a two-headed ogre
 10709 | D:10     | Killed a two-headed ogre
 10942 | D:10     | Noticed a two-headed ogre
 10951 | D:10     | Killed a two-headed ogre
 11017 | D:10     | Found Welev's Weapon Shoppe.
 11028 | D:10     | Reached skill level 13 in Ice Magic
 11471 | Orc:1    | Entered Level 1 of the Orcish Mines
 11539 | D:11     | Noticed a manticore
 11621 | D:11     | Killed a manticore
 11664 | D:11     | Offered knowledge of Conjure Flame by Vehumet.
 11677 | D:11     | Found a staircase to the Lair.
 11694 | D:11     | Reached skill level 14 in Ice Magic
 11805 | D:11     | Noticed a skeletal warrior
 11806 | D:11     | Noticed a skeletal warrior
 12152 | D:11     | Killed a skeletal warrior
 12283 | D:11     | Identified the +5 broad axe of an ossuary {protect, +Blink
                  | Will+ Int+4}
 12283 | D:11     | Noticed a skeletal warrior
 12294 | D:11     | Reached XP level 12. HP: 78/92 MP: 20/24
 12358 | D:11     | Reached skill level 15 in Ice Magic
 12525 | D:11     | Gained mutation: You are occasionally teleported next to
                  | monsters. [mutagenic glow]
 12527 | D:11     | Reached *** piety under Vehumet
 12539 | D:11     | Gained mutation: Armour fits poorly on your strangely
                  | shaped body. [mutagenic glow]
 12889 | D:11     | Slain by a skeletal warrior

Illustrated notes

Levels and vault maps discovered:
D:1:      minmay_arrival_hallway, layout_basic, serial_glass, glass_columns_a,
          glass_columns_b, glass_columns_a, glass_columns_c, item_on_display_a,
          item_on_display_a
D:2:      layout_loops_corners, shapermc_ecumenical_altar_notcrosses,
          uniq_terence, uniq_natasha
D:3:      layout_rooms
D:4:      layout_rooms, kennysheep_mini
D:5:      minmay_chambers_of_threes, layout_loops_corners,
          nicolae_ossuary_entry_monument
D:6:      layout_rooms, minmay_temple_entry_drinking_statues, serial_bayou,
          serial_bayou_pond_e, serial_bayou_lagoon_a, serial_bayou_pond_c,
          serial_bayou_pond_b, serial_shops, nicolae_lakefront_shop,
          hangedman_decor_push, kennysheep_generic_room_12, uniq_maggie
D:7:      layout_gridville, mainiacjoe_overflow_boulevard, solitary_fountain
D:8:      layout_rooms, kennysheep_little_box
D:9:      layout_small_grid, lemuel_crystal_altar, serial_undead,
          serial_undead_a, serial_undead_d, serial_undead_b, serial_undead_c,
          serial_undead_d, serial_undead_f, serial_undead_b,
          minmay_misc_feat_ornament
D:10:     layout_basic, xom_confusion_cloud, lemuel_crystal_altar, david_orc_2,
          kennysheep_windowed_goal
D:11:     layout_rooms, erik_lair_orcish_takeover
Temple:   eino_temple_rhombus
Orc:1:    giant_chief_lemuel, layout_diamond_mine, basic_altar, uniq_erolcha

Skill      XL: |  1  2  3  4  5  6  7  8  9 10 11 12 |
---------------+-------------------------------------+-----
Ice Magic      | 5 6 7 8 10 11 14 15 | 15.5
Spellcasting   | 3 4 5 6 7 8 |  8.0
Fighting       | 1 2 4 5 8 |  8.0
Transmutations | 6 8 |  8.0
Conjurations   | 3 4 |  4.0
Dodging        | |  2.6
Stealth        | |  2.1

Action                   |  1- 3 |  4- 6 |  7- 9 | 10-12 || total
-------------------------+-------+-------+-------+-------++-------
Melee: Dagger            |    48 |    67 |   509 |       ||   624
       Punch             |       |       |    10 |     3 ||    13
       Falchion          |       |       |   113 |   317 ||   430
       Tailslap          |       |       |     1 |       ||     1
       Unarmed           |       |       |       |    18 ||    18
 Cast: Freeze            |    36 |    26 |    11 |    13 ||    86
       Frozen Ramparts   |       |    12 |    40 |    55 ||   107
       Ozocubu's Armour  |       |     6 |    32 |    44 ||    82
       Ice Form          |       |       |       |     2 ||     2
       Hailstorm         |       |       |       |     7 ||     7
       Irradiate         |       |       |       |    11 ||    11
  Use: Potion            |       |     4 |     1 |     6 ||    11
       Scroll            |       |     2 |    11 |     7 ||    20
 Stab: Sleeping          |       |     3 |     7 |     3 ||    13
Armor: Robe              |    13 |    27 |   269 |   275 ||   584
       Skin              |       |       |       |    21 ||    21
Dodge: Dodged            |    40 |    53 |   408 |   403 ||   904
